 Dungeon Crawl Stone Soup version 0.29-a0-275-g389c0b56f3 (webtiles) character file.

Game seed: 5751427571693015674

4778 mathmaestro the Grappler (level 10, 0/104 HPs)
             Began as a Troll Monk on Mar 11, 2022.
             Slain by an orc warrior
             ... wielding a +0 glaive
              (6 damage)
             ... on level 9 of the Dungeon.
             The game lasted 00:14:04 (7213 turns).

mathmaestro the Grappler (Troll Monk)               Turns: 7213, Time: 00:14:05

Health: 0/104      AC:  7    Str: 25    XL:     10   Next: 23%
Magic:  9/9        EV: 11    Int:  6    God:
Gold:   401        SH:  0    Dex: 12    Spells: 9/9 levels left

rFire   + . .      SeeInvis .     - Unarmed
rCold   . . .      Faith    .   (no shield)
rNeg    + . .      Spirit   .   G - +2 robe {rF+}
rPois   +          Reflect  .   (helmet restricted)
rElec   .          Harm     .   x - +0 cloak
rCorr   .          Rampage  .   (gloves unavailable)
Will    .....                   (boots unavailable)
Stlth   ++........              (no amulet)
HPRegen 1.07/turn               e - ring of poison resistance
MPRegen 0.11/turn               B - ring of positive energy

@: no status effects
A: large, unfitting armour, claws 3, regeneration 1, shaggy fur 1, tough skin 1,
horns 2
a: no special abilities


You were on level 9 of the Dungeon.
You visited 2 branches of the dungeon, and saw 10 of its levels.
You also visited: Sewer.

You collected 401 gold pieces.

Inventory:

Hand Weapons
 q - a +0 hand axe
 D - a +2 war axe of flaming
 F - a +4 scimitar
Missiles
 d - 288 stones
 i - 8 curare-tipped darts
 o - 4 boomerangs (quivered)
 r - 25 poisoned darts
 v - 5 javelins
 y - 4 atropa-tipped darts
Armour
 x - a +0 cloak (worn)
 G - a +2 robe of fire resistance (worn)
Jewellery
 e - a ring of poison resistance (left claw)
 B - a ring of positive energy (right claw)
 E - a ring of flight
Wands
 u - a wand of digging (5)
 A - a wand of flame (22)
 C - a wand of iceblast (5)
Scrolls
 c - a scroll of teleportation
 f - 3 scrolls of summoning
 h - 2 scrolls of magic mapping
 t - a scroll of enchant armour
Potions
 b - a potion of ambrosia
 g - 4 potions of heal wounds
 j - a potion of lignification
 k - a potion of invisibility
 l - 2 potions of berserk rage
 m - 4 potions of curing
 n - 2 potions of haste
 p - a potion of brilliance {unknown}
 s - 4 potions of might
 z - a potion of cancellation {unknown}


   Skills:
 + Level 8.1 Fighting
 + Level 7.1 Throwing
 - Level 3.7 Armour
 - Level 4.5 Dodging
 - Level 1.0 Stealth
 + Level 9.7 Unarmed Combat


You had 9 spell levels left.
You didn't know any spells.
Your spell library contained the following spells:

 Spells                   Type           Power      Damage    Failure   Level
 Pain                     Necr           0%         1d4       45%         1
 Slow                     Hex            0%         N/A       45%         1
 Confusing Touch          Hex            0%         N/A       83%         3
 Conjure Flame            Conj/Fire      0%         6-21      83%         3
 Gell's Gravitas          Tloc           0%         N/A       83%         3
 Ignite Poison            Fire/Tmut/Pois 0%         N/A       83%         3
 Teleport Other           Tloc           0%         N/A       83%         3
 Vampiric Draining        Necr           0%         2d6       83%         3
 Sticky Flame             Conj/Fire      0%         2d3       99%         4
 Summon Lightning Spire   Summ/Air       0%         N/A       99%         4
 Agony                    Necr           0%         N/A       100%        5
 Excruciating Wounds      Necr           0%         N/A       100%        5
 Dispersal                Tloc           0%         N/A       100%        6
 Storm Form               Tmut/Air       0%         N/A       100%        7
 Maxwell's Capacitive Co  Air            0%         ∞         100%        8


Dungeon Overview and Level Annotations

Branches:
Dungeon (9/15)             Temple (1/1) D:4            Lair (0/6) D:8
  Sewer (visited)
    Orc: D:9-12

Altars:
Ashenzari
Dithmenos
Elyvilon
Fedhas
Gozag
Hepliaklqana
Kikubaaqudgha
Nemelex Xobeh
Okawaru
Qazlal
Ru
Sif Muna
Trog
Uskayaw
Vehumet
Wu Jian
Yredelemnul
Zin
The Shining One

Annotations:
D:8 3 runed translucent doors, Tayschli's ghost, novice MiBe


Innate Abilities, Weirdness & Mutations

You are too large for most types of armour.
You have claws for hands.
Your natural rate of healing is unusually fast.
You are covered in fur. (AC +1)
You have tough skin. (AC +1)
You have a pair of horns on your head.


Message History

You now have 401 gold pieces (gained 8).
An orc comes into view. It is wielding a +0 mace.
Found a potion of might.
The orc shouts!
An orc warrior comes into view. It is wielding a +0 glaive.
An orc comes into view. It is wielding a +0 short sword.
The orc warrior shouts!
The orc shouts!
An orc priest comes into view. It is wielding a +0 mace.
You see here a potion of might.
s - 4 potions of might (gained 1)
The orc priest shouts!
You claw the orc!
You kill the orc!
The orc warrior hits you from afar with a +0 glaive.
The orc priest calls down the wrath of Beogh upon you.
Beogh smites you!
Things that are here:
a +0 mace; a +0 ring mail You closely miss the orc.
Your headbutt misses the orc.
The orc warrior hits you from afar with a +0 glaive!
The orc warrior hits you with a +0 glaive!
The orc closely misses you.
You claw the orc priest! You headbutt the orc priest.
You kill the orc priest!
The orc warrior hits you with a +0 glaive!!
The orc hits you with a +0 short sword.
The orc warrior hits you with a +0 glaive!
* * * LOW HITPOINT WARNING * * *
You see here a +0 mace.
You scratch the orc.
The orc is heavily wounded.
You scratch the orc but do no damage. You headbutt the orc.
You kill the orc!
The orc warrior hits you with a +0 glaive.
* * * LOW HITPOINT WARNING * * *
You closely miss the orc warrior.
The orc warrior hits you with a +0 glaive!!
* * * LOW HITPOINT WARNING * * *
The orc warrior hits you from afar with a +0 glaive.
You die...

#.# #.# #.### .# #.#
#)..# ..# #.# #.#.#
##..#####.####
##.#.#####..............
#..#.#.......####...####
#.##.#.......# #...#
#.##.........####...####
#.##.#.@............>...
#.##.#)......####...#.##
#...))o.............#.##
####.#..................
#.#####........)...##
#.# ##.#..######## #.#
.#.. # #.# #. # #.# #


You could see an orc warrior.

Vanquished Creatures
  Pikel (D:9)
  A troll (D:7)
  Grinder (D:3)
  7 yaks
  Sigmund (D:3)
  A wraith (D:9)
  Menkaure (D:5)
  An acid dragon (D:8)
  A water moccasin (D:9)
  2 orc warriors
  An ogre (D:5)
  3 centaurs
  A phantom (D:6)
  3 lemures (D:9)
  5 kobold brigands
  2 bullfrogs
  3 scorpions
  A necrophage (D:7)
  3 wights
  4 hounds
  2 gnoll shamans
  2 orc priests
  3 iguanas
  2 orc wizards (D:5)
  12 gnolls
  9 adders
  4 river rats (D:3)
  2 shadow imps
  A white imp (D:7)
  6 worms
  3 dart slugs
  18 orcs
  10 endoplasms
  6 giant cockroaches
  7 goblins
  2 hobgoblins
  A jackal (D:4)
  A quokka (D:4)
  11 ball pythons
  2 bats (D:1)
  2 frilled lizards (D:2)
  43 kobolds
  12 rats
204 creatures vanquished.

Vanquished Creatures (others)
  7 plants
7 creatures vanquished.

Grand Total: 211 creatures vanquished

Notes
Turn   | Place    | Note
-------+----------+-------------------------------------------
     0 | D:1      | mathmaestro the Troll Monk began the quest for the Orb.
     0 | D:1      | Reached XP level 1. HP: 22/22 MP: 0/0
   144 | D:1      | Reached XP level 2. HP: 29/29 MP: 1/1
   458 | D:1      | Reached XP level 3. HP: 36/36 MP: 2/2
   467 | D:1      | Reached skill level 1 in Armour
  1014 | D:2      | Found a faded altar of an unknown god.
  1453 | D:2      | Reached XP level 4. HP: 44/44 MP: 3/3
  1514 | D:2      | Reached skill level 5 in Fighting
  1514 | D:2      | Reached skill level 7 in Unarmed Combat
  1514 | D:2      | Reached XP level 5. HP: 59/59 MP: 4/4
  1616 | D:3      | Identified the +0 pair of boots "Ingearay" {rF++ rN+ Str-5
                  | SInv}
  1646 | D:3      | Found a glowing drain.
  1656 | Sewer    | Entered a sewer
  1731 | Sewer    | Reached XP level 6. HP: 55/67 MP: 5/5
  1989 | D:3      | Noticed Grinder
  1999 | D:3      | Paralysed by Grinder for 2 turns
  2003 | D:3      | Killed Grinder
  2004 | D:3      | Reached XP level 7. HP: 52/75 MP: 6/6
  2250 | D:3      | Noticed Sigmund
  2257 | D:3      | Killed Sigmund
  2635 | D:3      | Found a white marble altar of Elyvilon.
  2895 | D:4      | Found a basalt altar of Yredelemnul.
  3186 | D:4      | Found a staircase to the Ecumenical Temple.
  3201 | Temple   | Entered the Ecumenical Temple
  3892 | D:5      | Entered Level 5 of the Dungeon
  3892 | D:5      | Noticed Menkaure
  3927 | D:5      | Killed Menkaure
  3928 | D:5      | Reached skill level 5 in Throwing
  3928 | D:5      | Reached XP level 8. HP: 84/84 MP: 7/7
  3999 | D:5      | Found a glowing golden altar of the Shining One.
  4016 | D:5      | Reached skill level 8 in Unarmed Combat
  4209 | D:5      | Found an ornate altar of the Wu Jian Council.
  4620 | D:6      | Found a hazy altar of Hepliaklqana.
  5208 | D:6      | Gained mutation: You have a pair of small antennae on your
                  | head. [potion of mutation]
  5208 | D:6      | Gained mutation: Your magical capacity is low. (-10% MP)
                  | [potion of mutation]
  5208 | D:6      | Gained mutation: You have hidden genetic potential. [potion
                  | of mutation]
  5237 | D:7      | Reached XP level 9. HP: 93/93 MP: 7/7
  5569 | D:7      | Noticed a troll
  5585 | D:7      | Killed a troll
  5841 | D:8      | Gained mutation: You are covered in thick fur. (AC +2)
                  | [hidden potential]
  6021 | D:7      | Reached skill level 9 in Unarmed Combat
  6250 | D:8      | Found a staircase to the Lair.
  6283 | D:8      | Found a runed translucent gate.
  6283 | D:8      | Found a runed translucent gate.
  6283 | D:8      | Found a runed translucent gate.
  6284 | D:8      | Noticed Tayschli's ghost (novice MiBe)
  6465 | D:8      | Found an opulent altar of Gozag.
  6535 | D:8      | Noticed a kobold demonologist
  6753 | D:9      | Noticed Pikel
  6772 | D:9      | Killed Pikel
  6773 | D:9      | Reached XP level 10. HP: 62/104 MP: 8/8
  7029 | D:9      | Identified the +7 falchion of Lelaw {holy, *Slow rN+ Str+2}
  7093 | D:9      | Gained mutation: You expend magic power (3 MP) to
                  | strengthen your wands. [hidden potential]
  7093 | D:9      | Lost mutation: You have hidden genetic potential. [hidden
                  | potential expressed]
  7100 | D:9      | Lost mutation: You expend magic power (3 MP) to strengthen
                  | your wands. [potion of mutation]
  7100 | D:9      | Lost mutation: You are covered in thick fur. (AC +2)
                  | [potion of mutation]
  7100 | D:9      | Lost mutation: You have a pair of small antennae on your
                  | head. [potion of mutation]
  7100 | D:9      | Gained mutation: You have large cloven feet. [potion of
                  | mutation]
  7101 | D:9      | Lost mutation: You have large cloven feet. [potion of
                  | mutation]
  7101 | D:9      | Lost mutation: Your magical capacity is low. (-10% MP)
                  | [potion of mutation]
  7101 | D:9      | Gained mutation: You have a pair of small horns on your
                  | head. [potion of mutation]
  7101 | D:9      | Gained mutation: You have a pair of horns on your head.
                  | [potion of mutation]
  7212 | D:9      | HP: 5/104 [orc warrior/+0 glaive (23)]
  7213 | D:9      | Slain by an orc warrior

Illustrated notes

Levels and vault maps discovered:
D:1:      lemuel_arrival_muddy, layout_rooms, amethyst_killhole,
          lexackson_kobold_supper
D:2:      layout_basic, ebering_ecumenical_altar_box
D:3:      layout_basic, nicolae_elyvilon_temple_path, lightli_sewer_entry_pipes,
          uniq_sigmund, uniq_grinder
D:4:      layout_loops_corners, marbit_many_paths, minmay_temple_entry_glass,
          serial_bayou_pond_e, kennysheep_generic_room_16
D:5:      layout_cave_pools, pdpol_wu_jian_five_deadly_venoms,
          mainiacjoe_overflow_concentric_impassable, grunt_decor_cap,
          minmay_misc_feat_room, uniq_menkaure
D:6:      layout_loops_cross, mainiacjoe_overflow_cross_hatched
D:7:      layout_loops_ring
D:8:      layout_cave_pools, grunt_gozag_breadcrumbs, lair_entry_dummy,
          gammafunk_ghost_nasty_kobolds, kennysheep_donut
D:9:      layout_loops_ring, uniq_pikel
Temple:   nicolae_temple_figure_eight

Skill      XL: |  1  2  3  4  5  6  7  8  9 10 |
---------------+-------------------------------+-----
Armour         | 1 3 |  3.7
Fighting       | 5 6 7 8 |  8.1
Throwing       | 3 4 5 6 7 |  7.1
Dodging        | 4 |  4.5
Unarmed Combat | 7 8 9 |  9.7
Stealth        | |  1.0

Action                   |  1- 3 |  4- 6 |  7- 9 | 10-12 || total
-------------------------+-------+-------+-------+-------++-------
Melee: Unarmed           |    85 |    86 |   272 |    55 ||   498
       Punch             |     2 |     1 |    11 |     4 ||    18
       Headbutt          |       |       |       |     2 ||     2
Throw: Boomerang         |       |       |    38 |       ||    38
  Use: Scroll            |       |     8 |    15 |     1 ||    24
       Potion            |       |     1 |     1 |     2 ||     4
 Stab: Sleeping          |     2 |     1 |     2 |       ||     5
       Distracted        |     1 |       |     1 |       ||     2
Armor: Robe              |    25 |    13 |    68 |    15 ||   121
Dodge: Dodged            |    30 |    27 |   149 |    22 ||   228

Table legend: (Time is in decaauts)
 A = Elapsed time spent in this place.
 B = Non-inter-level travel time spent in this place.
 C = Inter-level travel time spent in this place.
 D = Time resting spent in this place.
 E = Time spent auto-exploring this place.
 F = Levels seen in this place.
 G = Mean time per level.
                   A        B        C        D        E       F      G
               +--------+--------+--------+--------+--------+-----+--------+
         Total |   7238 |   7031 |    207 |    516 |   5077 |  11 |  658.0 |
       Dungeon |   6711 |   6515 |    196 |    516 |   4715 |   9 |  745.7 |
        Temple |    228 |    217 |     11 |      0 |    216 |   1 |  228.0 |
         Sewer |    297 |    297 |      0 |      0 |    145 |   1 |  297.0 |
               +--------+--------+--------+--------+--------+-----+--------+

Top non-repeatable levels by time:
     D:2: 1026 daAuts
     D:4: 1009 daAuts
     D:3: 893 daAuts
     D:7: 720 daAuts
     D:6: 685 daAuts
     D:9: 639 daAuts
     D:8: 614 daAuts
     D:5: 597 daAuts
     D:1: 526 daAuts
   Sewer: 297 daAuts
  Temple: 228 daAuts
